 Dungeon Crawl Stone Soup version 0.19.0-20-gbc5f0c6 (webtiles) character file.

18 GlenndL the Grave Robber (level 2, 0/19 HPs)
             Began as a Demonspawn Necromancer on Nov 17, 2016.
             Slain by a jackal (2 damage)
             ... on level 1 of the Dungeon.
             The game lasted 00:04:36 (572 turns).

GlenndL the Grave Robber (Demonspawn Necromancer)    Turns: 572, Time: 00:04:36

Health: 0/19       AC:  2    Str:  8    XL:     2   Next: 48%
Magic:  2/5        EV: 12    Int: 16    God:
Gold:   35         SH:  4    Dex: 13    Spells: 2 memorised, 3 levels left

rFire  . . .     SeeInvis .     p - +0 club
rCold  . . .     Gourm    .     a - +0 robe
rNeg   . . .     Faith    .     (no shield)
rPois  .         Spirit   .     (no helmet)
rElec  .         Reflect  .     (no cloak)
rCorr  .         Harm     .     (no gloves)
MR     .....                    (no boots)
Stlth  ++........               (no amulet)
                                (no ring)
                                (no ring)

@: no status effects
A: large bone plates 1
a: no special abilities


You were on level 1 of the Dungeon.
You were not hungry.

You visited 1 branch of the dungeon, and saw 1 of its levels.

You collected 35 gold pieces.

Inventory:

Hand Weapons
 p - a +0 club (weapon)
Armour
 a - a +0 robe (worn)
Scrolls
 d - a scroll of blinking {unknown}
 e - 2 scrolls of remove curse {unknown}
 f - a scroll of recharging {unknown}
 g - a scroll of noise {unknown}
 n - 2 scrolls of identify {unknown}
 o - a scroll of fog {unknown}
Potions
 h - a potion of mutation {unknown}
 i - a potion of curing {unknown}
 l - 2 potions of flight {unknown}
Books
 b - a book of Necromancy

   Spells                             Type                      Level
   a - Pain                           Necromancy                   1
   b - Animate Skeleton               Necromancy                   1
   c - Vampiric Draining              Necromancy                   3
   d - Regeneration                   Charms/Necromancy            3
   e - Animate Dead                   Necromancy                   4
   f - Control Undead                 Necromancy                   4
Comestibles
 c - a bread ration
 j - a slice of pizza
 k - a meat ration
 m - a chunk of flesh


   Skills:
 + Level 1.9 Dodging
 + Level 1.7 Stealth
 + Level 2.1 Spellcasting
 + Level 5.0 Necromancy


You had 3 spell levels left.
You knew the following spells:

 Your Spells              Type           Power        Failure   Level  Hunger
a - Pain                  Necr           ###.         2%          1    #......
b - Animate Skeleton      Necr           N/A          2%          1    #......


Dungeon Overview and Level Annotations

Branches:
Dungeon (1/15)

Altars:


Innate Abilities, Weirdness & Mutations

You are partially covered in large bone plates. (SH +4)


Message History

The jackal is moderately wounded.
You block the jackal's attack.
The jackal bites you but does no damage.
The jackal barely misses you. x2; The jackal closely misses you.
The jackal bites you but does no damage.
You hit the jackal.
The jackal is severely wounded.
The jackal misses you.
The jackal bites you but does no damage.
The jackal bites you.
* * * LOW HITPOINT WARNING * * *
The jackal bites you.
* * * LOW HITPOINT WARNING * * *
The jackal bites you but does no damage.
You closely miss the jackal.
The jackal is severely wounded.
The jackal bites you.
* * * LOW HITPOINT WARNING * * *
The jackal misses you.
The jackal barely misses you. x2; The jackal bites you.
You die...

#...#.#.#
................
#...#.#.#
.....##.........
#.......# #...#####.
#.......# #.....# #.
#..?....+ #.....# #.
#[......###+## #.....###.
#..........# #.....#...
##...)#.hh.# #.....#...
#....#.h@.# #.........
#....#.#+#######.Z.......
#....#.........###.......
#....#...................
#....#.........##.....#..
#....#.........##.#####..
#....#.............# #..
############### #.. #..


You could see 3 jackals.

Vanquished Creatures
  A dart slug (D:1)
  A leopard gecko (D:1)
  A ball python (D:1)
  A giant cockroach (D:1)
  2 goblins (D:1)
  3 hobgoblins (D:1)
  3 bats (D:1)
  A rat (D:1)
13 creatures vanquished.

Notes
Turn   | Place    | Note
-------+----------+-------------------------------------------
     0 | D:1      | GlenndL the Demonspawn Necromancer began the quest for the Orb.
     0 | D:1      | Reached XP level 1. HP: 13/13 MP: 3/3
   220 | D:1      | Gained mutation: You are partially covered in large bone plates. (SH +4) [demonic ancestry]
   220 | D:1      | Reached XP level 2. HP: 12/19 MP: 1/5
   223 | D:1      | Learned a level 1 spell: Animate Skeleton
   545 | D:1      | Reached skill level 5 in Necromancy
   572 | D:1      | Slain by a jackal

Skill      XL: |  1  2 |
---------------+-------+-----
Necromancy     | 5 |  5.0
Dodging        | |  1.9
Stealth        | |  1.7
Spellcasting   | |  2.1

Action                   || total
-------------------------++-------
Melee: Unarmed           ||    11
       Club              ||     3
 Cast: Pain              ||    22
       Animate Skeleton  ||     2
Armor: Robe              ||     7
Dodge: Dodged            ||    21
Block: Other             ||     6
